 Dungeon Crawl Stone Soup version 0.29.0-4-gdea44cf6ec (webtiles) character file.

Game seed: 5910845469295863044

54 qw the Chopper (level 3, -1/21 HPs)
             Began as a Tengu Warper on Aug 28, 2022.
             Slain by a gnoll
             ... wielding a +0 halberd
              (6 damage)
             ... on level 2 of the Dungeon.
             The game lasted 00:00:10 (1564 turns).

qw the Chopper (Tengu Warper)                       Turns: 1564, Time: 00:00:11

Health: -1/21      AC:  8    Str: 13    XL:     3   Next: 91%
Magic:  7/7        EV: 12    Int: 13    God:
Gold:   70         SH:  0    Dex: 13    Spells: 6/6 levels left

rFire   . . .      SeeInvis .   Y - +1 hand axe
rCold   . . .      Faith    .   (no shield)
rNeg    . . .      Spirit   .   b - +0 leather armour
rPois   .          Reflect  .   (helmet restricted)
rElec   .          Harm     .   (no cloak)
rCorr   .          Rampage  .   m - +0 pair of gloves
Will    .....                   (boots unavailable)
Stlth   +.........              (no amulet)
HPRegen 0.07/turn               g - +4 ring of protection
MPRegen 0.10/turn               (no ring)

@: no status effects
A: beak, talons 3
a: no special abilities


You were on level 2 of the Dungeon.
You visited 1 branch of the dungeon, and saw 2 of its levels.

You collected 70 gold pieces.


Innate Abilities, Weirdness & Mutations

You have a beak for a mouth.
You have claws for feet.


   Skills:
 - Level 2.0 Fighting
 + Level 4.5 Axes
 - Level 1.0 Throwing
 - Level 1.1 Armour
 - Level 2.1 Dodging
 - Level 2.0 Spellcasting
 - Level 2.4 Translocations


You had 6 spell levels left.
You didn't know any spells.
Your spell library contained the following spells:

 Spells                   Type           Power      Damage    Failure   Level
 Blink                    Tloc           14%        N/A       19%         2
 Gell's Gravitas          Tloc           7%         N/A       36%         3
 Lesser Beckoning         Tloc           7%         N/A       36%         3
 Teleport Other           Tloc           7%         N/A       36%         3
 Manifold Assault         Tloc           7%         N/A       98%         5

Inventory:

Hand Weapons
 n - a +0 whip
 Y - a +1 hand axe (weapon)
Armour
 b - a +0 leather armour (worn)
 m - a +0 pair of gloves (worn)
Jewellery
 g - a +4 ring of protection (left hand)
Potions
 a - a potion of ambrosia {unknown}
 e - a potion of flight {unknown}
 j - a potion of cancellation {unknown}
 o - a potion of brilliance {unknown}

Dungeon Overview and Level Annotations

Branches:
Dungeon (2/15)

Altars:


Message History

An endoplasm comes into view.
You see here a quokka corpse.
The endoplasm quivers.
A ball python comes into view.
The ball python hisses angrily.
You hit the endoplasm. You claw the endoplasm. You peck the endoplasm.
You kill the endoplasm!
You closely miss the ball python. The ball python misses you. x2
You hit the ball python.
You kill the ball python!
Found a pair of boots.
An adder and a goblin come into view.
Found a runed whip, 2 stones and 19 gold pieces.
The goblin shouts!
A gnoll comes into view. It is wielding a +0 halberd.
A goblin comes into view. It is wielding a +0 dagger.
1557 ||| Stepping ~*~*~tactically~*~*~ (stealth).
The gnoll shouts!
The goblin shouts!
The adder hisses angrily.
The gnoll misses you. The gnoll hits you with a +0 halberd!
You barely miss the gnoll. You claw the gnoll.
The gnoll is lightly wounded.
You hit the goblin. The gnoll hits you with a +0 halberd!
You hit the goblin.
You kill the goblin!
You hit the gnoll but do no damage. The gnoll barely misses you.
The adder barely misses you.
You hit the gnoll. You claw the gnoll.
The gnoll is severely wounded.
You hit the adder. You hit the goblin.
You kill the goblin!
The gnoll misses you. The adder barely misses you.
You hit the gnoll. You claw the gnoll.
The gnoll is almost dead.
You hit the adder. The gnoll hits you with a +0 halberd.
You die...

##.####.###....##....#
.#..###..#......##....#
........#........#....#
...####......###...#
#.........###..#
#.#.%.......##.#
...#..######.. ..#
##.##..#))..##. #.#
#g#....@g(..# .#
#.#....S##$.# .#
#..#.?##$.# .#
#..#..[$..# ##.##....##
#. ###### ##


You could see a gnoll and an adder.

Vanquished Creatures
  An adder (D:2)
  A dart slug (D:1)
  7 endoplasms
  A giant cockroach (D:1)
  6 goblins
  3 hobgoblins
  3 quokkas
  4 ball pythons
  3 bats (D:1)
  A frilled lizard (D:1)
  3 kobolds (D:1)
  9 rats (D:1)
42 creatures vanquished.

Notes
Turn   | Place    | Note
-------+----------+-------------------------------------------
     0 | D:1      | qw the Tengu Warper began the quest for the Orb.
     0 | D:1      | Reached XP level 1. HP: 12/12 MP: 4/4
     0 | D:1      | 0 ||| qw: Version: 0.1-a-89-g26bdef1
     0 | D:1      | 0 ||| qw: Game counter: 2584
     0 | D:1      | 0 ||| qw: Always use a shield: true
     0 | D:1      | 0 ||| qw: God list: Okawaru
     0 | D:1      | 0 ||| qw: Allow faded altars: false
     0 | D:1      | 0 ||| qw: Do Orc after D:15 true
     0 | D:1      | 0 ||| qw: Do second Lair branch before Depths: true
     0 | D:1      | 0 ||| qw: Lair rune preference: random
     0 | D:1      | 0 ||| qw: Plans: Normal
     0 | D:1      | 0 ||| PLANNING D:1-11
   207 | D:1      | 207 ||| Stepping ~*~*~tactically~*~*~ (stealth).
   477 | D:1      | Reached XP level 2. HP: 17/17 MP: 6/6
   479 | D:1      | Reached skill level 3 in Axes
   536 | D:1      | 536 ||| Stepping ~*~*~tactically~*~*~ (stealth).
   538 | D:1      | 538 ||| Stepping ~*~*~tactically~*~*~ (stealth).
   560 | D:1      | 560 ||| Stepping ~*~*~tactically~*~*~ (stealth).
   564 | D:1      | 564 ||| Stepping ~*~*~tactically~*~*~ (stealth).
   565 | D:1      | 565 ||| Stepping ~*~*~tactically~*~*~ (stealth).
   566 | D:1      | 566 ||| Stepping ~*~*~tactically~*~*~ (stealth).
   568 | D:1      | 568 ||| Stepping ~*~*~tactically~*~*~ (stealth).
   573 | D:1      | 573 ||| Stepping ~*~*~tactically~*~*~ (stealth).
   788 | D:1      | 788 ||| DROPPING +0 club.
  1100 | D:1      | Reached XP level 3. HP: 21/21 MP: 7/7
  1103 | D:1      | 1103 ||| Stepping ~*~*~tactically~*~*~ (stealth).
  1104 | D:1      | 1104 ||| Stepping ~*~*~tactically~*~*~ (stealth).
  1105 | D:1      | 1105 ||| Stepping ~*~*~tactically~*~*~ (stealth).
  1254 | D:1      | Reached skill level 4 in Axes
  1285 | D:1      | 1285 ||| UPGRADING to +0 pair of gloves.
  1290 | D:1      | 1290 ||| UPGRADING to +4 ring of protection.
  1291 | D:1      | 1291 ||| READING scroll labelled ANOPNOBLA.
  1292 | D:1      | 1292 ||| READING scroll labelled EMU RUUJELE.
  1295 | D:1      | 1295 ||| READING scroll labelled ELAS YLAMM.
  1296 | D:1      | 1296 ||| READING scroll labelled ADANLA JE YSK.
  1297 | D:1      | 1297 ||| READING scroll labelled KOYSTR IDIAS.
  1298 | D:1      | 1298 ||| DRINKING 2 puce potions.
  1299 | D:1      | 1299 ||| DROPPING scroll of blinking.
  1300 | D:1      | 1300 ||| Stepping randomly (stuck).
  1301 | D:1      | 1301 ||| Stepping ~*~*~tactically~*~*~ (cloud).
  1302 | D:1      | 1302 ||| DRINKING potion of curing.
  1302 | D:1      | 1302 ||| (to cure poison)
  1432 | D:2      | 1432 ||| FLEEEEING.
  1433 | D:2      | 1433 ||| FLEEEEING.
  1442 | D:2      | 1442 ||| STAIRDANCE
  1527 | D:1      | 1527 ||| READING scroll labelled YXUCHACUIJ.
  1557 | D:2      | 1557 ||| Stepping ~*~*~tactically~*~*~ (stealth).
  1561 | D:2      | HP: 5/21 [gnoll/+0 halberd (8)]
  1564 | D:2      | Slain by a gnoll

Levels and vault maps discovered:
D:1:      dpeg_cavernosity, layout_basic, minmay_rat_gold_closets
D:2:      minmay_evil_eye, layout_rooms, serial_shops, shop,
          minmay_randomly_rotated_circles

Skill      XL: |  1  2  3 |
---------------+----------+-----
Axes           | 3 4 |  4.5
Fighting       | |  2.0
Throwing       | |  1.0
Armour         | |  1.1
Dodging        | |  2.1
Spellcasting   | |  2.0
Translocations | |  2.4

Action                   || total
-------------------------++-------
Melee: Hand axe          ||    85
       Kick              ||    17
       Peck              ||    13
Throw: Boomerang         ||     7
  Use: Scroll            ||     6
       Potion            ||     2
Armor: Leather armour    ||    15
Dodge: Dodged            ||    43

Table legend:
 A = Non-vault XP
 B = Vault XP
 C = Vault XP percentage of total XP
 D = Non-vault monster count
 E = Vault monster count
 F = Vault count percentage of total count
                 A         B        C        D         E       F
            +---------+---------+-------+---------+---------+-------
      Total |      54 |      24 |  30.8 |      27 |      15 |  35.7
            +---------+---------+-------+---------+---------+-------
        D:1 |      30 |      16 |  34.8 |      20 |      11 |  35.5
        D:2 |      24 |       8 |  25.0 |       7 |       4 |  36.4
            +---------+---------+-------+---------+---------+-------
